 Dungeon Crawl Stone Soup version 0.29-a0-845-g6161e89988 (webtiles) character file.

Game seed: 7272852932575580971

3164 vineage the Basher (level 9, -3/60 HPs)
             Began as a Gargoyle Fighter on July 15, 2022.
             Was a Priest of Okawaru.
             Slain by a wight
             ... wielding a +4 great sword
              (5 damage)
             ... on level 1 of the Abyss.
             The game lasted 00:07:39 (6334 turns).

vineage the Basher (Gargoyle Fighter)               Turns: 6334, Time: 00:07:40

Health: -3/60      AC: 22    Str: 30    XL:     9   Next: 94%
Magic:  8/9        EV:  9    Int:  9    God:    Okawaru [***...]
Gold:   190        SH: 10    Dex: 13    Spells: 8/8 levels left

rFire   . . .      SeeInvis .   s - +0 morningstar
rCold   . . .      Faith    .   f - +0 kite shield
rNeg    + . .      Spirit   .   l - +4 chain mail of Egalitarianism {Dex+4}
rPois   ∞          Reflect  .   n - +0 helmet
rElec   +          Harm     .   (no cloak)
rCorr   .          Rampage  .   (no gloves)
Will    .....                   (no boots)
Stlth   ..........              (no amulet)
HPRegen 0.20/turn               t - +6 ring of strength
MPRegen 0.11/turn               (no ring)

@: heroic, hasted, very quick
A: sickness immunity, AC +6, negative energy resistance 1, electricity
resistance, torment resistance 1, petrification resistance, [subdued magic 2]
a: Renounce Religion, Heroism


You were on level 1 of the Abyss.
You worshipped Okawaru.
Okawaru was most pleased with you.
You visited 2 branches of the dungeon, and saw 8 of its levels.
You visited the Abyss 1 time.

You collected 389 gold pieces.
You spent 199 gold pieces at shops.

Inventory:

Hand Weapons
 a - a +1 flail of electrocution
 s - a +0 morningstar (weapon)
Armour
 b - a +0 scale mail
 c - a +0 buckler
 f - a +0 kite shield (worn)
 l - the +4 chain mail of Egalitarianism (worn) {Dex+4}
   (You bought it in a shop on level 5 of the Dungeon)

   Dex:       It affects your dexterity (+4).
 n - a +0 helmet (worn)
Jewellery
 j - a ring of ice
 t - a +6 ring of strength (left hand)
Wands
 g - a wand of roots (13)
Scrolls
 d - 2 scrolls of amnesia
 i - a scroll of brand weapon
Potions
 e - a potion of curing {unknown}
 h - a potion of brilliance {unknown}
 k - 3 potions of lignification {unknown}
 o - a potion of berserk rage {unknown}
 p - a potion of heal wounds {unknown}
 q - a potion of magic {unknown}
 r - 2 potions of attraction


   Skills:
 + Level 9.2(14.2) Fighting
 * Level 11.3(16.3) Maces & Flails
 - Level 3.2(8.2) Armour
 - Level 3.2(8.2) Shields


You had 8 spell levels left.
You didn't know any spells.
Your spell library contained the following spells:

 Spells                   Type           Power      Damage    Failure   Level
 Gell's Gravitas          Tloc           0%         N/A       100%        3
 Teleport Other           Tloc           0%         N/A       100%        3
 Iskenderun's Battlesphe  Conj           0%         2d6       100%        5
 Dispersal                Tloc           0%         N/A       100%        6
 Iron Shot                Conj/Erth      0%         9d1       100%        6
 Spellforged Servitor     Conj/Summ      Unusable   N/A       N/A         7

Dungeon Overview and Level Annotations

Branches:
Dungeon (7/15)             Temple (1/1) D:7

Altars:
Ashenzari
Cheibriados
Dithmenos
Fedhas
Hepliaklqana
Kikubaaqudgha
Makhleb
Okawaru
Sif Muna
Trog
Uskayaw
Vehumet
Wu Jian
Xom
Yredelemnul
Zin
The Shining One

Shops:
D:2 [   D:5 [   D:6 =

Portals:
Abyss: D:6

Annotations:
D:6 1 transporter, anonymous's ghost, novice MiHu


Innate Abilities, Weirdness & Mutations

You are immune to sickness and miasma.
Your stone body is resilient. (AC +6)
You are immune to poison.
You resist negative energy. (rN+)
You are resistant to electric shocks. (rElec)
You are resistant to unholy torment.
You are immune to petrification.
[Your spells are easier to cast, but less powerful.]


Message History

The ynoxinul gestures.
You bludgeon the wretched star!!
The wretched star is moderately damaged.
The ynoxinul gestures.
The wight hits you but does no damage.
The ufetubus hits you but does no damage.
You block the ufetubus's attack.
The wretched star glows turbulently.
The lance of force hits you!
* * * LOW HITPOINT WARNING * * *
You are knocked back by the lance of force.
You collide with the ufetubus!
The ufetubus dies!
The ufetubus disappears in a puff of smoke!
* * * LOW HITPOINT WARNING * * *
You bludgeon the wretched star!!
The wretched star is heavily damaged.
The ufetubus barely misses you.
The ufetubus hits you but does no damage.
The wight misses you.
You thump the wretched star!
The wretched star is severely damaged.
The ufetubus hits you but does no damage.
You block the ufetubus's attack.
The ynoxinul gestures.
You impale the wretched star!!
You destroy the wretched star!
Okawaru is honoured by your kill. You block the ufetubus's attack. x2
The ufetubus hits you but does no damage. x2
The ynoxinul gestures.
Your base Fighting skill increases to level 9!
Your base Maces & Flails skill increases to level 11!
You barely miss the apocalypse crab. The ufetubus barely misses you.
You block the ufetubus's attack. You block the wight's attack.
Okay, then.
You feel yourself speed up.
The ufetubus hits you but does no damage. x4
The wight hits you with a +4 great sword.
You die...

## . . #.
..# .
#.≈.#.#####
≈....#≈.≈#
≈≈≈##.5≈.5#
......t@#.#
...#..53z##
#.###5zz
.≈≈# #.
#55### #. #
... #... .#
.... #
.##.# #


You could see an apocalypse crab, a ynoxinul, 3 wights and 6 ufetubi.

Vanquished Creatures
  A wretched star (Abyss:1)
  Sigmund (D:6)
  4 yaks (D:6)
  A water moccasin (D:7)
  A black bear (D:6)
  3 ice beasts (D:5)
  6 ogres
  A centaur (D:5)
  A phantom (D:5)
  2 necrophages
  A scorpion (D:4)
  2 electric eels (D:6)
  4 hounds
  A gnoll bouda (D:6)
  4 iguanas
  4 orc wizards (D:6)
  5 gnolls (D:6)
  10 adders
  A white imp (D:6)
  3 dart slugs
  4 orcs
  5 bats
  3 endoplasms
  A giant cockroach (D:4)
  4 goblins
  6 hobgoblins
  4 jackals (D:1)
  6 kobolds
  4 quokkas (D:4)
  11 ball pythons
  4 frilled lizards
108 creatures vanquished.

Vanquished Creatures (others)
  2 orcs (D:6)
2 creatures vanquished.

Grand Total: 110 creatures vanquished

Notes
Turn   | Place    | Note
-------+----------+-------------------------------------------
     0 | D:1      | vineage the Gargoyle Fighter began the quest for the Orb.
     0 | D:1      | Reached XP level 1. HP: 14/14 MP: 1/1
   140 | D:1      | Reached XP level 2. HP: 19/19 MP: 2/2
   775 | D:1      | Reached skill level 3 in Maces & Flails
   859 | D:2      | Reached XP level 3. HP: 24/24 MP: 3/3
   990 | D:2      | Found Eplau's Armour Shop.
  1113 | D:2      | Found a shimmering altar of Xom.
  1197 | D:2      | Reached XP level 4. HP: 29/29 MP: 4/4
  2137 | D:3      | Found a faded altar of an unknown god.
  2293 | D:4      | You fall into a shaft and drop 3 floors!
  2295 | D:7      | Noticed a necrophage
  2302 | D:7      | Killed a necrophage
  2303 | D:7      | Reached skill level 4 in Maces & Flails
  2303 | D:7      | Reached XP level 5. HP: 29/34 MP: 5/5
  2364 | D:7      | Found a hazy altar of Hepliaklqana.
  2364 | D:7      | Noticed a water moccasin
  2369 | D:7      | Killed a water moccasin
  2370 | D:7      | Reached skill level 5 in Maces & Flails
  2370 | D:7      | Reached XP level 6. HP: 36/40 MP: 6/6
  2423 | D:7      | Found a staircase to the Ecumenical Temple.
  2431 | Temple   | Entered the Ecumenical Temple
  2597 | Temple   | Became a worshipper of Warmaster Okawaru
  2650 | D:6      | Reached skill level 5 in Fighting
  2651 | D:6      | Noticed a black bear
  2708 | D:6      | Killed a black bear
  2767 | D:6      | Reached * piety under Okawaru
  2768 | D:6      | Reached skill level 6 in Maces & Flails
  2768 | D:6      | Reached XP level 7. HP: 33/44 MP: 7/7
  2777 | D:5      | Entered Level 5 of the Dungeon
  3478 | D:4      | Reached skill level 7 in Maces & Flails
  4098 | D:5      | Reached XP level 8. HP: 46/52 MP: 8/8
  4157 | D:5      | Reached ** piety under Okawaru
  4296 | D:5      | Found a broken altar of Ashenzari.
  4429 | D:5      | Reached skill level 8 in Maces & Flails
  4715 | D:5      | Found Qivogaonk's Antique Armour Shoppe.
  4724 | D:5      | Bought a shimmering chain mail for 199 gold pieces
  4724 | D:5      | Identified the +4 chain mail of Egalitarianism {Dex+4} (You
                  | bought it in a shop on level 5 of the Dungeon)
  4774 | D:5      | Found a shimmering blue altar of Sif Muna.
  4872 | D:5      | Reached skill level 9 in Maces & Flails
  5031 | D:5      | Found a burning altar of Makhleb.
  5125 | D:6      | Reached XP level 9. HP: 59/59 MP: 9/9
  5209 | D:6      | Found a transporter.
  5236 | D:6      | Found a transporter.
  5243 | D:6      | Found a one-way gate to the infinite horrors of the Abyss.
  5252 | D:6      | Noticed Sigmund
  5283 | D:6      | Killed Sigmund
  5495 | D:6      | Reached *** piety under Okawaru
  5761 | D:6      | Reached skill level 10 in Maces & Flails
  5972 | D:6      | Found Weedacu's Jewellery Emporium.
  6210 | D:6      | Noticed anonymous's ghost (novice MiHu)
  6288 | Abyss:1  | Cast into level 1 of the Abyss (kobold brigand)
  6322 | Abyss:1  | Noticed a wretched star
  6326 | Abyss:1  | Noticed an apocalypse crab
  6329 | Abyss:1  | HP: 3/60 [wretched star/lance of force (15)]
  6329 | Abyss:1  | HP: 1/60 [ufetubus collision (2)]
  6332 | Abyss:1  | Killed a wretched star
  6333 | Abyss:1  | Reached skill level 11 in Maces & Flails
  6334 | Abyss:1  | Slain by a wight

Illustrated notes

Levels and vault maps discovered:
D:1:      saegor_arrival_simple_c, layout_rooms
D:2:      layout_rooms, serial_shops, shop, basic_altar, grunt_ministairs_1
D:3:      layout_loops_ring, ebering_ecumenical_altar_webs,
          guppyfry_early_lair_pool
D:4:      layout_gridville, grunt_ministairs_10
D:5:      layout_loops_ring, lemuel_blue_sif_altar, lightli_temple_of_fire,
          evilmike_ruin_ashenzari, serial_shops, shop
D:6:      layout_loops_cross, serial_shops, nicolae_shop_advertising_works
          [nicolae_subvault_shop_adworks], gammafunk_ghost_abyssal_escape,
          minivault_14, uniq_sigmund
D:7:      layout_basic, mainiacjoe_overflow_24_doors,
          minmay_temple_entry_overgrown, uniq_maggie
Temple:   nicolae_temple_slightly_damp_pantheon
Abyss:1:  base:
D:7

Skill      XL: |  1  2  3  4  5  6  7  8  9 |
---------------+----------------------------+-----
Maces & Flails | 3 4 5 6 7 9 11 | 11.3
Fighting       | 4 5 6 7 9 |  9.2
Armour         | |  3.2
Shields        | |  3.2

Action                   |  1- 3 |  4- 6 |  7- 9 || total
-------------------------+-------+-------+-------++-------
Melee: Flail             |    89 |    92 |   181 ||   362
       Morningstar       |       |       |    36 ||    36
Invok: Heroism           |       |       |     3 ||     3
  Use: Scroll            |     3 |     5 |     3 ||    11
       Potion            |     1 |     1 |     1 ||     3
Armor: Scale mail        |    76 |    49 |    49 ||   174
       Chain mail        |       |       |    80 ||    80
Dodge: Dodged            |    46 |    27 |    42 ||   115
Block: Buckler           |     6 |       |       ||     6
       Kite shield       |    38 |    46 |    67 ||   151

Table legend: (Time is in decaauts)
 A = Elapsed time spent in this place.
 B = Non-inter-level travel time spent in this place.
 C = Inter-level travel time spent in this place.
 D = Time resting spent in this place.
 E = Time spent auto-exploring this place.
 F = Levels seen in this place.
 G = Mean time per level.
                   A        B        C        D        E       F      G
               +--------+--------+--------+--------+--------+-----+--------+
         Total |   6438 |   6167 |    271 |    454 |   4630 |   9 |  715.3 |
       Dungeon |   6204 |   5956 |    248 |    454 |   4479 |   7 |  886.3 |
        Temple |    187 |    164 |     23 |      0 |    151 |   1 |  187.0 |
         Abyss |     45 |     45 |      0 |      0 |      0 |   1 |   45.0 |
               +--------+--------+--------+--------+--------+-----+--------+

Top non-repeatable levels by time:
     D:5: 1409 daAuts
     D:6: 1350 daAuts
     D:4: 1009 daAuts
     D:3: 885 daAuts
     D:1: 877 daAuts
     D:2: 511 daAuts
  Temple: 187 daAuts
     D:7: 160 daAuts
 Abyss:1: 45 daAuts
